Connexion

LOS ANGELES Kings vs LAS VEGAS Golden Knights

Created - 5 mars 2024 at 13:07

Goals
1 2 3 T
LOS ANGELES Kings 1 0 0 1
LAS VEGAS Golden Knights 3 0 1 4
Shots
1 2 3 T
LOS ANGELES Kings 9 5 5 19
LAS VEGAS Golden Knights 9 7 10 26

GoalsPenalties
1st period
1. LAS VEGAS Golden Knights , Ryan Nugent-Hopkins 28 (Filip Hronek 48) at 0:22
2. LAS VEGAS Golden Knights , Filip Hronek 8 (Ryan Nugent-Hopkins 40, Nikita Zaitsev 37) at 9:00
3. LOS ANGELES Kings , Nicolas Roy 7 (Brock McGinn 26, Nick Foligno 11) at 16:34
4. LAS VEGAS Golden Knights , J.T. Miller 23 (Nick Seeler 30) at 18:31
No Penalty
2nd period
No Goal
Alex Galchenyuk (L-V) for Slashing (Minor) at 4:09
3rd period
5. LAS VEGAS Golden Knights , Keegan Kolesar 8 (Alex Kerfoot 29, Vladislav Gavrikov 26) at 6:08
Derek Forbort (L.A) for Tripping (Minor) at 9:08
Keaton Thompson (L-V) for Hooking (Minor) at 15:41
Brayden Schenn (L.A) for Holding (Minor) at 19:11
Goalie Stats
Samuel Montembeault (L.A), 14 saves from 18 shots - (0,778), L, 27-23-3, 46:08 minutes
Cayden Primeau (L.A), 8 saves from 8 shots - (1,000), 13:52 minutes
Ilya Sorokin (L-V), 18 saves from 19 shots - (0,947), W, 27-26-7, 60:00 minutes
3 StarsOfficial
1 - Ryan Nugent-Hopkins (L-V)
2 - Filip Hronek (L-V)
3 - Nikita Zaitsev (L-V)
Referees : Rob Martell and Eric Furlatt
Linesman : Thor Nelson and Derek Nansen
Game Note
Jesse Ylonen is injured at 2:40 of 1st period (Bruised Left Arm)
Aaron Ekblad is injured at 0:10 of 2nd period (Sprained Left Finger)
Cayden Primeau enters game at 6:08 of 3rd period
Finance
Level 1 -- Attendance: 1719 (28,65%) -- Ticket Income $687,600
Level 2 -- Attendance: 1632 (32,64%) -- Ticket Income $408,000
Level 3 -- Attendance: 852 (42,60%) -- Ticket Income $93,720
Level 4 -- Attendance: 1627 (40,68%) -- Ticket Income $122,025
Luxury Box -- Attendance: 244 (24,40%) -- Ticket Income $231,800
Total Attendance: 6074 (33,74%)
Total Ticket Income: $1,543,145
Other Income: $308,629
Total Income: $1,851,774



Team Name Goals Shots Shots Attemp Shots Blocked PIM HIT PP PK FO%
LOS ANGELES Kings 11948114220 / 2 (0%)061%
LAS VEGAS Golden Knights 42663104180 / 2 (0%)039%

LOS ANGELES Kings
Player Name POS G A P +/- PIM HIT SHT SB MP PP MP PP SHT PK MP PK SHT FO% FOT
Aaron EkbladD000-100028:390:0000:0000% 0
Arber XhekajD0000010417:210:1401:3300% 0
Axel Jonsson FjallbyLW000000008:040:0000:0000% 0
Brayden SchennC/LW/RW000-2231017:171:4700:42047% 19
Brock McGinnLW/RW0110003115:130:0000:0000% 0
Calen AddisonD000-2002022:571:5700:4200% 0
Chandler StephensonC/LW000-1015020:102:1111:27071% 17
Derek ForbortD0000230120:381:4700:3200% 0
Jakob SilfverbergLW/RW000-1000018:432:1100:0000% 0
Jason ZuckerLW/RW000-2063124:271:4701:20033% 6
Jesse YlonenRW000000000:100:0000:0000% 0
Mats ZuccarelloLW/RW000-2000017:531:4701:17050% 2
Mika ZibanejadC/LW/RW000-1001018:432:1100:000100% 2
Nick BoninoC/LW000000108:040:0000:00071% 14
Nick FolignoC/LW/RW0110010013:500:0000:0000% 0
Nicolas RoyC1010001014:380:0000:48067% 12
Olli MaattaD000-2060023:192:1101:3300% 0
Thomas ChabotD000-1012227:051:4701:1400% 0
LAS VEGAS Golden Knights
Player Name POS G A P +/- PIM HIT SHT SB MP PP MP PP SHT PK MP PK SHT FO% FOT
Alex GalchenyukC/LW000-1230017:291:0200:0000% 1
Alex KerfootC/LW0111003116:530:0001:230100% 1
Artem AnisimovC/LW0001002015:300:0000:00050% 10
Brady SkjeiD0001001020:041:0211:4200% 0
Cole CaufieldRW000-1002017:301:0200:0000% 2
Filip HronekD1121003224:141:4502:1600% 0
J.T. MillerC/LW/RW1012012020:261:4501:0100% 0
Jayce HawrylukC/RW000000000:000:0000:0000% 0
Keaton ThompsonD0001220215:410:0000:0000% 0
Keegan KolesarRW1011012015:300:0000:0000% 0
Kirill MarchenkoRW000101103:370:0000:0000% 1
Luke KuninC/RW000-1031118:311:0201:01035% 23
Nick SeelerD0111001020:041:0211:4200% 0
Nikita ZaitsevD0111063324:141:4512:1600% 0
Pavel ZachaC/LW0002010020:591:4501:3400% 1
Philip KurashevC/LW/RW000100004:380:0001:01017% 6
Ryan Nugent-HopkinsC/LW1123005024:581:4501:56048% 27
Vladislav GavrikovD0111000115:420:0000:0000% 0



Play-by-Play

1st period


0:01 of 1st period - Ryan Nugent-Hopkins wins face-off versus Brayden Schenn in neutral zone.
0:22 of 1st period - Shot by Ryan Nugent-Hopkins.
0:22 of 1st period - Goal by Ryan Nugent-Hopkins - LOS ANGELES Kings : 0 - LAS VEGAS Golden Knights : 1.
0:23 of 1st period - Chandler Stephenson wins face-off versus Luke Kunin in neutral zone.
1:17 of 1st period - Shot by Nicolas Roy.
1:17 of 1st period - Shot Blocked by Luke Kunin.
1:19 of 1st period - Shot by Nicolas Roy.
1:19 of 1st period - Shot Misses the Net.
1:49 of 1st period - Shot by Nick Foligno.
1:49 of 1st period - Shot Blocked by Alex Kerfoot.
1:51 of 1st period - Shot by Nick Foligno.
1:51 of 1st period - Shot Blocked by Keaton Thompson.
1:53 of 1st period - Shot by Brock McGinn.
1:53 of 1st period - Stopped by Ilya Sorokin without a rebound.
1:54 of 1st period - Ryan Nugent-Hopkins wins face-off versus Jason Zucker in LAS VEGAS Golden Knights zone.
2:07 of 1st period - Nikita Zaitsev is hit by Jason Zucker and loses puck.
2:30 of 1st period - Shot by Jason Zucker.
2:30 of 1st period - Stopped by Ilya Sorokin without a rebound.
2:31 of 1st period - Nick Bonino wins face-off versus Artem Anisimov in LAS VEGAS Golden Knights zone.
2:39 of 1st period - Jesse Ylonen is hit by Keaton Thompson and loses puck.
2:40 of 1st period - Jesse Ylonen from LOS ANGELES Kings is injured at 2:40 of 1st period (Bruised Left Arm).
2:41 of 1st period - Chandler Stephenson wins face-off versus Artem Anisimov in LAS VEGAS Golden Knights zone.
2:44 of 1st period - Shot by Mika Zibanejad.
2:44 of 1st period - Shot Misses the Net.
2:46 of 1st period - Shot by Mika Zibanejad.
2:46 of 1st period - Shot Hit the Post.
2:48 of 1st period - Shot by Chandler Stephenson.
2:48 of 1st period - Stopped by Ilya Sorokin without a rebound.
2:49 of 1st period - Nick Bonino wins face-off versus Philip Kurashev in LAS VEGAS Golden Knights zone.
2:53 of 1st period - Icing by Filip Hronek.
2:54 of 1st period - Brayden Schenn wins face-off versus Philip Kurashev in LAS VEGAS Golden Knights zone.
2:57 of 1st period - Shot by Jason Zucker.
2:57 of 1st period - Shot Blocked by Filip Hronek.
3:03 of 1st period - Shot by Brayden Schenn.
3:03 of 1st period - Stopped by Ilya Sorokin without a rebound.
3:04 of 1st period - Ryan Nugent-Hopkins wins face-off versus Nick Bonino in LAS VEGAS Golden Knights zone.
3:04 of 1st period - Ryan Nugent-Hopkins is hit by Jason Zucker.
3:49 of 1st period - Icing by Jason Zucker.
3:50 of 1st period - Artem Anisimov wins face-off versus Nick Bonino in LOS ANGELES Kings zone.
4:47 of 1st period - Shot by Chandler Stephenson.
4:47 of 1st period - Shot Misses the Net.
5:43 of 1st period - Shot by Cole Caufield.
5:43 of 1st period - Deflect By Alex Galchenyuk.
5:43 of 1st period - Shot Misses the Net.
5:45 of 1st period - Shot by Luke Kunin.
5:45 of 1st period - Shot Misses the Net.
5:47 of 1st period - Shot by Nick Seeler.
5:47 of 1st period - Shot Misses the Net.
5:49 of 1st period - Shot by Alex Galchenyuk.
5:49 of 1st period - Shot Blocked by Arber Xhekaj.
6:25 of 1st period - Shot by Ryan Nugent-Hopkins.
6:25 of 1st period - Stopped by Samuel Montembeault with a rebound.
6:37 of 1st period - Shot by Brayden Schenn.
6:37 of 1st period - Shot Blocked by Filip Hronek.
7:34 of 1st period - Icing by Cole Caufield.
7:35 of 1st period - Nick Bonino wins face-off versus Luke Kunin in LAS VEGAS Golden Knights zone.
8:12 of 1st period - Icing by Aaron Ekblad.
8:13 of 1st period - Nick Bonino wins face-off versus Artem Anisimov in LOS ANGELES Kings zone.
8:39 of 1st period - Artem Anisimov is hit by Olli Maatta.
8:43 of 1st period - Shot by Artem Anisimov.
8:43 of 1st period - Stopped by Samuel Montembeault without a rebound.
8:44 of 1st period - Chandler Stephenson wins face-off versus Philip Kurashev in LOS ANGELES Kings zone.
8:44 of 1st period - Chandler Stephenson is hit by Kirill Marchenko.
8:58 of 1st period - Shot by Ryan Nugent-Hopkins.
8:58 of 1st period - Shot Misses the Net.
9:00 of 1st period - Shot by Filip Hronek.
9:00 of 1st period - Goal by Filip Hronek - LOS ANGELES Kings : 0 - LAS VEGAS Golden Knights : 2.
9:01 of 1st period - Ryan Nugent-Hopkins wins face-off versus Brayden Schenn in neutral zone.
9:17 of 1st period - Icing by Calen Addison.
9:18 of 1st period - Luke Kunin wins face-off versus Brayden Schenn in LOS ANGELES Kings zone.
9:25 of 1st period - Shot by Alex Galchenyuk.
9:25 of 1st period - Shot Misses the Net.
9:37 of 1st period - Shot by Luke Kunin.
9:37 of 1st period - Shot Misses the Net.
9:52 of 1st period - Shot by Brayden Schenn.
9:52 of 1st period - Shot Misses the Net.
10:38 of 1st period - Shot by J.T. Miller.
10:38 of 1st period - Shot Blocked by Aaron Ekblad.
11:27 of 1st period - Shot by Alex Kerfoot.
11:27 of 1st period - Shot Misses the Net.
11:33 of 1st period - Shot by Alex Kerfoot.
11:33 of 1st period - Stopped by Samuel Montembeault with a rebound.
12:08 of 1st period - Brock McGinn is hit by Keegan Kolesar and loses puck.
12:29 of 1st period - Off-side.
12:30 of 1st period - Brayden Schenn wins face-off versus Philip Kurashev in neutral zone.
12:41 of 1st period - Nick Seeler is hit by Olli Maatta.
12:45 of 1st period - Shot by Ryan Nugent-Hopkins.
12:45 of 1st period - Shot Misses the Net.
12:47 of 1st period - Shot by Brady Skjei.
12:47 of 1st period - Shot Misses the Net.
13:09 of 1st period - Shot by Kirill Marchenko.
13:09 of 1st period - Stopped by Samuel Montembeault without a rebound.
13:10 of 1st period - Mika Zibanejad wins face-off versus Luke Kunin in LOS ANGELES Kings zone.
13:26 of 1st period - Icing by Filip Hronek.
13:27 of 1st period - Luke Kunin wins face-off versus Nick Bonino in LAS VEGAS Golden Knights zone.
13:45 of 1st period - Shot by Filip Hronek.
13:45 of 1st period - Shot Misses the Net.
13:58 of 1st period - Icing by Thomas Chabot.
13:59 of 1st period - Nick Bonino wins face-off versus Ryan Nugent-Hopkins in LOS ANGELES Kings zone.
15:20 of 1st period - Shot by Artem Anisimov.
15:20 of 1st period - Shot Misses the Net.
15:30 of 1st period - Shot by Calen Addison.
15:30 of 1st period - Shot Misses the Net.
15:32 of 1st period - Shot by Calen Addison.
15:32 of 1st period - Stopped by Ilya Sorokin with a rebound.
16:09 of 1st period - Brock McGinn is hit by Nikita Zaitsev and loses puck.
16:19 of 1st period - Brock McGinn is hit by Nikita Zaitsev and loses puck.
16:34 of 1st period - Shot by Nicolas Roy.
16:34 of 1st period - Goal by Nicolas Roy - LOS ANGELES Kings : 1 - LAS VEGAS Golden Knights : 2.
16:35 of 1st period - Brayden Schenn wins face-off versus Ryan Nugent-Hopkins in neutral zone.
17:19 of 1st period - Shot by Jakob Silfverberg.
17:19 of 1st period - Shot Misses the Net.
17:21 of 1st period - Shot by Chandler Stephenson.
17:21 of 1st period - Stopped by Ilya Sorokin without a rebound.
17:22 of 1st period - Nick Bonino wins face-off versus Luke Kunin in LAS VEGAS Golden Knights zone.
17:27 of 1st period - Shot by Derek Forbort.
17:27 of 1st period - Shot Misses the Net.
17:29 of 1st period - Shot by Brock McGinn.
17:29 of 1st period - Deflect By Nick Bonino.
17:29 of 1st period - Shot Misses the Net.
17:53 of 1st period - Shot by Nick Bonino.
17:53 of 1st period - Shot Blocked by Nikita Zaitsev.
17:55 of 1st period - Shot by Nick Bonino.
17:55 of 1st period - Stopped by Ilya Sorokin without a rebound.
17:56 of 1st period - Chandler Stephenson wins face-off versus Artem Anisimov in LAS VEGAS Golden Knights zone.
18:15 of 1st period - Shot by Chandler Stephenson.
18:15 of 1st period - Stopped by Ilya Sorokin without a rebound.
18:16 of 1st period - Nicolas Roy wins face-off versus Ryan Nugent-Hopkins in LAS VEGAS Golden Knights zone.
18:31 of 1st period - Shot by J.T. Miller.
18:31 of 1st period - Goal by J.T. Miller - LOS ANGELES Kings : 1 - LAS VEGAS Golden Knights : 3.
18:32 of 1st period - Brayden Schenn wins face-off versus Cole Caufield in neutral zone.
18:34 of 1st period - Off-side.
18:35 of 1st period - Ryan Nugent-Hopkins wins face-off versus Brayden Schenn in neutral zone.
18:44 of 1st period - Shot by Ryan Nugent-Hopkins.
18:44 of 1st period - Stopped by Samuel Montembeault without a rebound.
18:45 of 1st period - Brayden Schenn wins face-off versus Ryan Nugent-Hopkins in LOS ANGELES Kings zone.
18:55 of 1st period - Off-side.
18:56 of 1st period - Chandler Stephenson wins face-off versus Philip Kurashev in neutral zone.
19:37 of 1st period - Shot by Nikita Zaitsev.
19:37 of 1st period - Stopped by Samuel Montembeault without a rebound.
19:38 of 1st period - Luke Kunin wins face-off versus Brayden Schenn in LOS ANGELES Kings zone.
19:38 of 1st period - Cole Caufield is hit by Olli Maatta and loses puck.
19:44 of 1st period - Alex Galchenyuk is hit by Olli Maatta and loses puck.
Goals for this period are 1 for LOS ANGELES Kings vs 3 for LAS VEGAS Golden Knights.
Shots for this period are 9 for LOS ANGELES Kings vs 9 for LAS VEGAS Golden Knights.

2nd period


0:01 of 2nd period - Ryan Nugent-Hopkins wins face-off versus Brayden Schenn in neutral zone.
0:10 of 2nd period - Shot by J.T. Miller.
0:10 of 2nd period - Shot Blocked by Aaron Ekblad.
0:10 of 2nd period - Aaron Ekblad from LOS ANGELES Kings is injured at 0:10 of 2nd period (Sprained Left Finger).
0:11 of 2nd period - Chandler Stephenson wins face-off versus Alex Galchenyuk in LOS ANGELES Kings zone.
0:22 of 2nd period - Shot by Chandler Stephenson.
0:22 of 2nd period - Deflect By Mika Zibanejad.
0:22 of 2nd period - Shot Misses the Net.
0:24 of 2nd period - Shot by Thomas Chabot.
0:24 of 2nd period - Stopped by Ilya Sorokin without a rebound.
0:25 of 2nd period - Ryan Nugent-Hopkins wins face-off versus Brayden Schenn in LAS VEGAS Golden Knights zone.
0:55 of 2nd period - Pavel Zacha is hit by Brayden Schenn and loses puck.
1:19 of 2nd period - Off-side.
1:20 of 2nd period - Chandler Stephenson wins face-off versus Luke Kunin in neutral zone.
1:28 of 2nd period - Shot by Filip Hronek.
1:28 of 2nd period - Stopped by Samuel Montembeault without a rebound.
1:29 of 2nd period - Chandler Stephenson wins face-off versus Luke Kunin in LOS ANGELES Kings zone.
1:40 of 2nd period - Shot by Luke Kunin.
1:40 of 2nd period - Shot Misses the Net.
2:36 of 2nd period - Shot by Pavel Zacha.
2:36 of 2nd period - Shot Misses the Net.
2:42 of 2nd period - Shot by J.T. Miller.
2:42 of 2nd period - Shot Misses the Net.
2:53 of 2nd period - Ryan Nugent-Hopkins is hit by Olli Maatta and loses puck.
4:06 of 2nd period - Shot by Alex Kerfoot.
4:06 of 2nd period - Stopped by Samuel Montembeault without a rebound.
4:07 of 2nd period - Nick Bonino wins face-off versus Luke Kunin in LOS ANGELES Kings zone.
4:09 of 2nd period - Minor Penalty to Alex Galchenyuk for Slashing.
4:10 of 2nd period - Alex Kerfoot wins face-off versus Chandler Stephenson in LAS VEGAS Golden Knights zone.
4:28 of 2nd period - Icing by Calen Addison.
4:29 of 2nd period - Ryan Nugent-Hopkins wins face-off versus Chandler Stephenson in LOS ANGELES Kings zone.
4:38 of 2nd period - Shot by Jakob Silfverberg.
4:38 of 2nd period - Shot Blocked by Nikita Zaitsev.
4:40 of 2nd period - Shot by Olli Maatta.
4:40 of 2nd period - Shot Blocked by Nikita Zaitsev.
4:42 of 2nd period - Shot by Chandler Stephenson.
4:42 of 2nd period - Stopped by Ilya Sorokin without a rebound.
4:43 of 2nd period - Ryan Nugent-Hopkins wins face-off versus Mats Zuccarello in LAS VEGAS Golden Knights zone.
4:43 of 2nd period - Ryan Nugent-Hopkins is hit by Brayden Schenn.
4:58 of 2nd period - Philip Kurashev is hit by Derek Forbort and loses puck.
6:20 of 2nd period - Icing by Keaton Thompson.
6:21 of 2nd period - Luke Kunin wins face-off versus Jason Zucker in LAS VEGAS Golden Knights zone.
6:21 of 2nd period - Alex Galchenyuk is hit by Jason Zucker and loses puck.
6:30 of 2nd period - Shot by Arber Xhekaj.
6:30 of 2nd period - Shot Misses the Net.
6:32 of 2nd period - Shot by Nick Bonino.
6:32 of 2nd period - Shot Misses the Net.
7:24 of 2nd period - Shot by Artem Anisimov.
7:24 of 2nd period - Shot Blocked by Thomas Chabot.
7:52 of 2nd period - Shot by Artem Anisimov.
7:52 of 2nd period - Shot Misses the Net.
8:18 of 2nd period - Shot by Chandler Stephenson.
8:18 of 2nd period - Stopped by Ilya Sorokin without a rebound.
8:19 of 2nd period - Ryan Nugent-Hopkins wins face-off versus Brayden Schenn in LAS VEGAS Golden Knights zone.
8:58 of 2nd period - Shot by Ryan Nugent-Hopkins.
8:58 of 2nd period - Shot Blocked by Arber Xhekaj.
9:04 of 2nd period - Shot by Ryan Nugent-Hopkins.
9:04 of 2nd period - Stopped by Samuel Montembeault with a rebound.
9:11 of 2nd period - Icing by Arber Xhekaj.
9:12 of 2nd period - Brayden Schenn wins face-off versus Luke Kunin in LOS ANGELES Kings zone.
9:21 of 2nd period - Shot by Luke Kunin.
9:21 of 2nd period - Deflect By Cole Caufield.
9:21 of 2nd period - Stopped by Samuel Montembeault without a rebound.
9:22 of 2nd period - Artem Anisimov wins face-off versus Chandler Stephenson in LOS ANGELES Kings zone.
9:47 of 2nd period - Shot by Alex Kerfoot.
9:47 of 2nd period - Shot Misses the Net.
10:15 of 2nd period - Icing by Olli Maatta.
10:16 of 2nd period - Chandler Stephenson wins face-off versus Pavel Zacha in LOS ANGELES Kings zone.
10:16 of 2nd period - Chandler Stephenson is hit by J.T. Miller.
11:37 of 2nd period - Shot by Jason Zucker.
11:37 of 2nd period - Stopped by Ilya Sorokin without a rebound.
11:38 of 2nd period - Nick Bonino wins face-off versus Luke Kunin in LAS VEGAS Golden Knights zone.
12:03 of 2nd period - Icing by Cole Caufield.
12:04 of 2nd period - Chandler Stephenson wins face-off versus Luke Kunin in LAS VEGAS Golden Knights zone.
12:43 of 2nd period - Icing by Vladislav Gavrikov.
12:44 of 2nd period - Artem Anisimov wins face-off versus Nicolas Roy in LAS VEGAS Golden Knights zone.
13:05 of 2nd period - Alex Kerfoot is hit by Thomas Chabot and loses puck.
13:32 of 2nd period - Thomas Chabot is hit by Keaton Thompson and loses puck.
14:09 of 2nd period - Shot by Ryan Nugent-Hopkins.
14:09 of 2nd period - Stopped by Samuel Montembeault without a rebound.
14:10 of 2nd period - Chandler Stephenson wins face-off versus Ryan Nugent-Hopkins in LOS ANGELES Kings zone.
14:37 of 2nd period - Shot by Ryan Nugent-Hopkins.
14:37 of 2nd period - Deflect By J.T. Miller.
14:37 of 2nd period - Shot Misses the Net.
14:39 of 2nd period - Shot by J.T. Miller.
14:39 of 2nd period - Stopped by Samuel Montembeault without a rebound.
14:40 of 2nd period - Luke Kunin wins face-off versus Brayden Schenn in LOS ANGELES Kings zone.
14:44 of 2nd period - Alex Galchenyuk is hit by Arber Xhekaj and loses puck.
15:10 of 2nd period - Thomas Chabot is hit by Alex Galchenyuk and loses puck.
16:03 of 2nd period - Olli Maatta is hit by Pavel Zacha and loses puck.
16:19 of 2nd period - Icing by J.T. Miller.
16:20 of 2nd period - Nicolas Roy wins face-off versus Ryan Nugent-Hopkins in LAS VEGAS Golden Knights zone.
16:23 of 2nd period - Shot by Brock McGinn.
16:23 of 2nd period - Shot Misses the Net.
16:55 of 2nd period - Shot by Artem Anisimov.
16:55 of 2nd period - Stopped by Samuel Montembeault with a rebound.
17:52 of 2nd period - Cole Caufield is hit by Derek Forbort and loses puck.
18:15 of 2nd period - Shot by Chandler Stephenson.
18:15 of 2nd period - Shot Misses the Net.
18:42 of 2nd period - Kirill Marchenko is hit by Olli Maatta and loses puck.
18:47 of 2nd period - Shot by Ryan Nugent-Hopkins.
18:47 of 2nd period - Shot Misses the Net.
18:49 of 2nd period - Shot by Ryan Nugent-Hopkins.
18:49 of 2nd period - Shot Misses the Net.
19:18 of 2nd period - Shot by Thomas Chabot.
19:18 of 2nd period - Stopped by Ilya Sorokin without a rebound.
19:19 of 2nd period - Nicolas Roy wins face-off versus Luke Kunin in LAS VEGAS Golden Knights zone.
19:52 of 2nd period - Shot by Brock McGinn.
19:52 of 2nd period - Shot Misses the Net.
Goals for this period are 0 for LOS ANGELES Kings vs 0 for LAS VEGAS Golden Knights.
Shots for this period are 5 for LOS ANGELES Kings vs 7 for LAS VEGAS Golden Knights.

3rd period


0:01 of 3rd period - Brayden Schenn wins face-off versus Ryan Nugent-Hopkins in neutral zone.
1:20 of 3rd period - Off-side.
1:21 of 3rd period - Luke Kunin wins face-off versus Nicolas Roy in neutral zone.
2:45 of 3rd period - Shot by Keegan Kolesar.
2:45 of 3rd period - Shot Misses the Net.
3:21 of 3rd period - Shot by Mika Zibanejad.
3:21 of 3rd period - Stopped by Ilya Sorokin without a rebound.
3:22 of 3rd period - Philip Kurashev wins face-off versus Nicolas Roy in LAS VEGAS Golden Knights zone.
3:22 of 3rd period - Philip Kurashev is hit by Nick Foligno.
3:35 of 3rd period - Shot by Brock McGinn.
3:35 of 3rd period - Stopped by Ilya Sorokin without a rebound.
3:36 of 3rd period - Luke Kunin wins face-off versus Chandler Stephenson in LAS VEGAS Golden Knights zone.
4:50 of 3rd period - Shot by Filip Hronek.
4:50 of 3rd period - Stopped by Samuel Montembeault without a rebound.
4:51 of 3rd period - Nicolas Roy wins face-off versus Ryan Nugent-Hopkins in LOS ANGELES Kings zone.
5:03 of 3rd period - Icing by Filip Hronek.
5:04 of 3rd period - Brayden Schenn wins face-off versus Ryan Nugent-Hopkins in LAS VEGAS Golden Knights zone.
6:08 of 3rd period - Shot by Keegan Kolesar.
6:08 of 3rd period - Goal by Keegan Kolesar - LOS ANGELES Kings : 1 - LAS VEGAS Golden Knights : 4.
6:08 of 3rd period - Cayden Primeau enters game.
6:09 of 3rd period - Mika Zibanejad wins face-off versus Luke Kunin in neutral zone.
6:09 of 3rd period - Mika Zibanejad is hit by Luke Kunin.
6:34 of 3rd period - Icing by Nick Seeler.
6:35 of 3rd period - Nicolas Roy wins face-off versus Luke Kunin in LAS VEGAS Golden Knights zone.
7:02 of 3rd period - Shot by Luke Kunin.
7:02 of 3rd period - Deflect By Cole Caufield.
7:02 of 3rd period - Stopped by Cayden Primeau without a rebound.
7:03 of 3rd period - Chandler Stephenson wins face-off versus Ryan Nugent-Hopkins in LOS ANGELES Kings zone.
7:36 of 3rd period - Jakob Silfverberg is hit by Nikita Zaitsev.
8:22 of 3rd period - Shot by Jason Zucker.
8:22 of 3rd period - Shot Blocked by Vladislav Gavrikov.
8:36 of 3rd period - Shot by Brayden Schenn.
8:36 of 3rd period - Shot Blocked by Keaton Thompson.
8:48 of 3rd period - Keegan Kolesar is hit by Jason Zucker.
9:03 of 3rd period - Icing by Arber Xhekaj.
9:04 of 3rd period - Nicolas Roy wins face-off versus Luke Kunin in LOS ANGELES Kings zone.
9:08 of 3rd period - Minor Penalty to Derek Forbort for Tripping.
9:09 of 3rd period - Jason Zucker wins face-off versus Ryan Nugent-Hopkins in LOS ANGELES Kings zone.
9:22 of 3rd period - Shot by Nikita Zaitsev.
9:22 of 3rd period - Shot Blocked by Jason Zucker.
9:34 of 3rd period - Shot by Pavel Zacha.
9:34 of 3rd period - Shot Blocked by Thomas Chabot.
10:29 of 3rd period - Shot by Alex Galchenyuk.
10:29 of 3rd period - Shot Blocked by Arber Xhekaj.
10:31 of 3rd period - Shot by Luke Kunin.
10:31 of 3rd period - Shot Misses the Net.
10:33 of 3rd period - Shot by Luke Kunin.
10:33 of 3rd period - Shot Misses the Net.
10:35 of 3rd period - Shot by Cole Caufield.
10:35 of 3rd period - Shot Blocked by Arber Xhekaj.
10:41 of 3rd period - Shot by Nick Seeler.
10:41 of 3rd period - Stopped by Cayden Primeau with a rebound.
11:00 of 3rd period - Icing by Nikita Zaitsev.
11:01 of 3rd period - Brayden Schenn wins face-off versus Ryan Nugent-Hopkins in LAS VEGAS Golden Knights zone.
11:18 of 3rd period - Shot by Artem Anisimov.
11:18 of 3rd period - Shot Misses the Net.
11:20 of 3rd period - Shot by Keegan Kolesar.
11:20 of 3rd period - Shot Misses the Net.
11:30 of 3rd period - Shot by Alex Kerfoot.
11:30 of 3rd period - Stopped by Cayden Primeau without a rebound.
11:31 of 3rd period - Nick Bonino wins face-off versus Kirill Marchenko in LOS ANGELES Kings zone.
11:49 of 3rd period - Ryan Nugent-Hopkins is hit by Jason Zucker and loses puck.
12:04 of 3rd period - Nikita Zaitsev is hit by Derek Forbort and loses puck.
12:29 of 3rd period - Calen Addison is hit by Alex Galchenyuk and loses puck.
12:58 of 3rd period - Shot by Calen Addison.
12:58 of 3rd period - Stopped by Ilya Sorokin without a rebound.
12:59 of 3rd period - Artem Anisimov wins face-off versus Chandler Stephenson in LAS VEGAS Golden Knights zone.
14:08 of 3rd period - Brayden Schenn is hit by Nikita Zaitsev and loses puck.
14:16 of 3rd period - Brayden Schenn is hit by Nikita Zaitsev.
14:27 of 3rd period - Mats Zuccarello is hit by Nikita Zaitsev.
14:30 of 3rd period - Icing by Nikita Zaitsev.
14:31 of 3rd period - Nicolas Roy wins face-off versus Ryan Nugent-Hopkins in LAS VEGAS Golden Knights zone.
14:42 of 3rd period - Shot by Brock McGinn.
14:42 of 3rd period - Stopped by Ilya Sorokin without a rebound.
14:43 of 3rd period - Luke Kunin wins face-off versus Nick Bonino in LAS VEGAS Golden Knights zone.
14:43 of 3rd period - Luke Kunin is hit by Jason Zucker.
14:56 of 3rd period - Shot by Luke Kunin.
14:56 of 3rd period - Stopped by Cayden Primeau without a rebound.
14:57 of 3rd period - Artem Anisimov wins face-off versus Nicolas Roy in LOS ANGELES Kings zone.
15:17 of 3rd period - Shot by Brock McGinn.
15:17 of 3rd period - Shot Misses the Net.
15:41 of 3rd period - Minor Penalty to Keaton Thompson for Hooking.
15:42 of 3rd period - Ryan Nugent-Hopkins wins face-off versus Brayden Schenn in LAS VEGAS Golden Knights zone.
16:01 of 3rd period - Shot by Thomas Chabot.
16:01 of 3rd period - Shot Misses the Net.
17:01 of 3rd period - Nikita Zaitsev is hit by Chandler Stephenson and loses puck.
17:40 of 3rd period - Shot by Chandler Stephenson.
17:40 of 3rd period - Shot Misses the Net.
18:04 of 3rd period - Shot by Keegan Kolesar.
18:04 of 3rd period - Stopped by Cayden Primeau without a rebound.
18:05 of 3rd period - Nick Bonino wins face-off versus Luke Kunin in LOS ANGELES Kings zone.
18:05 of 3rd period - Jason Zucker is hit by Alex Galchenyuk.
18:08 of 3rd period - Nick Bonino is hit by Luke Kunin and loses puck.
18:15 of 3rd period - Shot by Nick Bonino.
18:15 of 3rd period - Deflect By Jason Zucker.
18:15 of 3rd period - Stopped by Ilya Sorokin without a rebound.
18:16 of 3rd period - Nicolas Roy wins face-off versus Ryan Nugent-Hopkins in LAS VEGAS Golden Knights zone.
18:33 of 3rd period - Shot by Ryan Nugent-Hopkins.
18:33 of 3rd period - Shot Blocked by Brock McGinn.
18:35 of 3rd period - Shot by Nikita Zaitsev.
18:35 of 3rd period - Stopped by Cayden Primeau without a rebound.
18:36 of 3rd period - Mats Zuccarello wins face-off versus Artem Anisimov in LOS ANGELES Kings zone.
18:47 of 3rd period - Nick Seeler is hit by Brayden Schenn and loses puck.
18:52 of 3rd period - Shot by Mats Zuccarello.
18:52 of 3rd period - Deflect By Brayden Schenn.
18:52 of 3rd period - Shot Misses the Net.
19:11 of 3rd period - Minor Penalty to Brayden Schenn for Holding.
19:12 of 3rd period - Ryan Nugent-Hopkins wins face-off versus Jason Zucker in LOS ANGELES Kings zone.
19:21 of 3rd period - Shot by J.T. Miller.
19:21 of 3rd period - Shot Misses the Net.
19:23 of 3rd period - Shot by J.T. Miller.
19:23 of 3rd period - Shot Blocked by Derek Forbort.
19:31 of 3rd period - Shot by Ryan Nugent-Hopkins.
19:31 of 3rd period - Shot Misses the Net.
19:33 of 3rd period - Shot by Nikita Zaitsev.
19:33 of 3rd period - Stopped by Cayden Primeau without a rebound.
19:34 of 3rd period - Jason Zucker wins face-off versus Cole Caufield in LOS ANGELES Kings zone.
19:34 of 3rd period - Jason Zucker is hit by Luke Kunin.
19:46 of 3rd period - Shot by Brady Skjei.
19:46 of 3rd period - Stopped by Cayden Primeau without a rebound.
19:47 of 3rd period - Ryan Nugent-Hopkins wins face-off versus Jason Zucker in LOS ANGELES Kings zone.
Goals for this period are 0 for LOS ANGELES Kings vs 1 for LAS VEGAS Golden Knights.
Shots for this period are 5 for LOS ANGELES Kings vs 10 for LAS VEGAS Golden Knights.